Map: Abyssal Reef LE

Players

HeltEn - Winner!

  • Race: Terran Terran
  • Spawn Location: 5:00

Lovecrit

  • Race: Protoss Protoss
  • Spawn Location: 11:00

Event: WCS Jonkoping 2017

VOD

Have the link to the VOD?

Description

Time

  • Played on: June 17, 2017, 6:36 a.m.
  • Length: 4:42

All games in this series

Show
View Real Time Build Order
Export as new Build Order

HeltEn Terran - Winner!

Build Orders: Reaper Expand 

Get SALT Encoding   

  12  0:00  SCV  
  13  0:13  SCV  
  14  0:19  Supply Depot  
  14  0:25  SCV  
  15  0:29  Refinery  
  15  0:41  SCV  
  16  0:45  Barracks  
  16  0:53  SCV  
  17  1:05  SCV  
  18  1:17  SCV  
  19  1:32  Orbital Command, Reaper  
  20  1:48  Command Center  
  20  1:59  Factory  
  20  2:04  SCV  
  20  2:08  Barracks Reactor  
  21  2:15  Refinery  
  21  2:16  SCV  
  21  2:21  Supply Depot  
  22  2:28  SCV  
  23  2:43  SCV  
  24  2:51  Marine x2, Starport, Widow Mine  
  25  2:57  SCV  
  29  3:01  Orbital Command  
  29  3:08  Marine  
  29  3:09  Marine  
  29  3:12  SCV  
  32  3:19  Widow Mine  
  34  3:27  SCV x2  
  34  3:28  Marine x2  
  34  3:30  Medivac  
  39  3:34  Supply Depot  
  39  3:39  SCV x2  
  41  3:43  Barracks  
  41  3:50  Marine x2, Factory Tech Lab  
  41  3:53  SCV x2  
  45  3:57  Supply Depot  
  45  4:07  SCV x2  
  45  4:09  Marine x2  
  52  4:19  SCV x2  
  52  4:22  Supply Depot  
  57  4:28  Engineering Bay  
  57  4:33  Barracks Tech Lab  
Show
View Real Time Build Order
Export as new Build Order

Lovecrit Protoss 

Build Orders: 1 Gate Expand 

Get SALT Encoding   

  12  0:00  Probe (Chrono Boost)  
  13  0:11  Probe (Chrono Boost)  
  14  0:21  Pylon  
  14  0:22  Probe (Chrono Boost)  
  15  0:40  Probe (Chrono Boost), Gateway  
  16  0:47  Assimilator  
  16  0:50  Probe (Chrono Boost)  
  17  1:01  Probe (Chrono Boost)  
  19  1:11  Probe (Chrono Boost)  
  19  1:22  Probe (Chrono Boost)  
  21  1:34  Nexus  
  20  1:41  Cybernetics Core  
  20  1:42  Probe (Chrono Boost)  
  21  1:48  Assimilator  
  21  1:52  Probe (Chrono Boost)  
  22  2:03  Probe (Chrono Boost)  
  22  2:07  Pylon  
  22  2:25  Adept  
  22  2:26  Mothership Core (Chrono Boost)  
  26  2:32  Warp Gate (Chrono Boost)  
  26  2:44  Probe (Chrono Boost)  
  27  2:52  Probe (Chrono Boost)  
  27  2:53  Robotics Facility  
  27  2:55  Probe (Chrono Boost)  
  29  3:01  Probe (Chrono Boost)  
  30  3:06  Probe  
  30  3:11  Probe  
  31  3:18  Probe  
  33  3:21  Gateway  
  33  3:22  Probe, Gateway  
  33  3:27  Pylon  
  34  3:30  Probe  
  34  3:32  Probe  
  36  3:42  Probe  
  36  3:44  Gateway  
  36  3:46  Gateway  
  37  3:52  Warp Prism (Chrono Boost)  
  39  4:06  Gateway  
  39  4:08  Gateway  
  39  4:10  Pylon, Probe  
  40  4:18  Pylon  
  42  4:25  Observer (Chrono Boost)  
Tags
 
Add a new tag
Caveats
  • Supply blocks, unpowered buildings, or Contaminate may cause inaccurate times.
  • Supply counts are checked every 10 seconds.